 Dungeon Crawl Stone Soup version 0.30-a0-250-g41c1d76940 (webtiles) character file.

Game seed: 9791850142568972333

147 Hubris850 the Insei (level 5, -8/37 HPs)
             Began as a Merfolk Transmuter on Oct 12, 2022.
             Mangled by a gnoll
             ... wielding a +0 halberd
              (11 damage)
             ... on level 2 of the Dungeon.
             The game lasted 00:05:25 (2089 turns).

Hubris850 the Insei (Merfolk Transmuter)            Turns: 2089, Time: 00:05:26

Health: -8/37      AC:  2    Str: 13    XL:     5   Next: 29%
Magic:  9/9        EV: 12    Int: 12    God:
Gold:   79         SH:  0    Dex: 14    Spells: 4/9 levels left

rFire   . . .      SeeInvis .      - Unarmed
rCold   . . .      Faith    .    (no shield)
rNeg    . . .      Spirit   .    a - +0 robe
rPois   .          Reflect  .    (helmet currently unavailable)
rElec   .          Harm     .    (no cloak)
rCorr   .          Rampage  .    (no gloves)
Will    .....                    (boots currently unavailable)
Stlth   +.........               (no amulet)
HPRegen 0.26/turn                (no ring)
MPRegen 0.11/turn                (no ring)

@: appendages
A: horns 2, (nimble swimmer 2), mertail
a: End Transformation


You were on level 2 of the Dungeon.
You had temporarily grown beastly horns.
You visited 1 branch of the dungeon, and saw 2 of its levels.

You collected 79 gold pieces.

Inventory:

Armour
 a - a +0 robe (worn)
 j - an orb of energy
Scrolls
 c - 2 scrolls of teleportation {unknown}
 d - 7 scrolls of identify {unknown}
 f - a scroll of fear {unknown}
 i - a scroll of enchant armour {unknown}
Potions
 b - a potion of mutation {unknown}
 e - a potion of brilliance {unknown}
 g - 3 potions of curing {unknown}
 h - a potion of flight {unknown}
 k - 2 potions of heal wounds {unknown}


   Skills:
 - Level 1.1 Fighting
 - Level 2.6 Dodging
 + Level 4.3 Unarmed Combat
 + Level 2.9 Spellcasting
 + Level 4.1 Transmutations
 + Level 2.3 Ice Magic


You had 4 spell levels left.
You knew the following spells:

 Your Spells              Type           Power      Damage    Failure   Level
a - Beastly Appendage     Tmut           22%        N/A       4%          1
b - Ice Form              Ice/Tmut       9%         N/A       54%         4

Your spell library contained the following spells:

 Spells                   Type           Power      Damage    Failure   Level
 Wereblood                Tmut           11%        N/A       7%          2
 Spider Form              Tmut/Pois      6%         N/A       32%         3
 Cigotuvi's Dreadful Rot  Necr/Pois/Air  2%         N/A       36%         2
 Poisonous Vapours        Pois/Air       2%         N/A       36%         2
 Sublimation of Blood     Necr           1%         N/A       36%         2
 Mephitic Cloud           Conj/Pois/Air  1%         N/A       58%         3
 Summon Hydra             Summ           0%         N/A       100%        7


Dungeon Overview and Level Annotations

Branches:
Dungeon (2/15)

Altars:


Innate Abilities, Weirdness & Mutations

You have temporarily grown beastly horns.
((You are very nimble when in or above water. (Stealth+, EV+, Speed+++)))
Your lower body shifts to a powerful aquatic tail in water.


Message History

Confirm with . or Enter, or press ? or * to list all spells.
Okay, then.
Unknown command.
A gnoll comes into view. It is wielding a +0 halberd.
Found a whip.
Your transformation is almost over.
The gnoll shouts!
There is an open door here.
There is an open door here.
You extend your transformation's duration.
A gnoll comes into view. It is wielding a +0 halberd.
A gnoll comes into view. It is wielding a +0 whip.
The gnoll shouts! x2
The gnoll misses you.
There is an open door here.
You hit the gnoll.
The gnoll is moderately wounded.
The gnoll barely misses you. The gnoll barely misses you.
There is an open door here.
The gnoll hits you with a +0 halberd!
You barely miss the gnoll.
The gnoll is moderately wounded.
The gnoll hits you with a +0 halberd!
You barely miss the gnoll. You headbutt the gnoll!
You kill the gnoll!
A giant cockroach comes into view.
You hit the gnoll. You headbutt the gnoll.
The gnoll is heavily wounded.
The gnoll hits you with a +0 whip.
* * * LOW HITPOINT WARNING * * *
Okay, then.
You hit the gnoll.
The gnoll is almost dead.
The gnoll barely misses you. The gnoll hits you with a +0 whip.
* * * LOW HITPOINT WARNING * * *
You hit the gnoll.
You kill the gnoll!
The gnoll hits you from afar with a +0 halberd!
You die...

#.## #######.## ..........
#######.## #############...
########### #.......#.......
#(........# #.......#.......
#.......).###.......#.......
#........g)@'.......+....†..
#.........###.......#.......
#..........^....###.#####...
#..........>....+..........#
#......g........###.#..###..
###.$..###.......##.##.#####
#....# ######...#.##....##
#...... ......#####.##
#....... ......#####...


You could see a gnoll.

Vanquished Creatures
  Jessica (D:2)
  Terence (D:2)
  Natasha (D:1)
  3 gnolls
  A worm (D:2)
  3 endoplasms
  2 giant cockroaches (D:1)
  6 goblins
  7 hobgoblins
  6 jackals
  A quokka (D:1)
  4 ball pythons
  5 bats
  4 kobolds
  5 rats
50 creatures vanquished.

Notes
Turn   | Place    | Note
-------+----------+-------------------------------------------
     0 | D:1      | Hubris850 the Merfolk Transmuter began the quest for the
                  | Orb.
     0 | D:1      | Reached XP level 1. HP: 15/15 MP: 3/3
   449 | D:1      | Reached XP level 2. HP: 14/21 MP: 3/5
   589 | D:1      | Reached skill level 1 in Ice Magic
  1201 | D:1      | Reached XP level 3. HP: 26/26 MP: 4/6
  1332 | D:2      | Noticed Natasha
  1337 | D:2      | Noticed Jessica
  1338 | D:2      | Noticed Terence
  1343 | D:1      | Killed Natasha
  1344 | D:1      | Reached XP level 4. HP: 11/32 MP: 7/7
  1765 | D:2      | Found a faded altar of an unknown god.
  1864 | D:2      | Killed Terence
  1895 | D:2      | Killed Jessica
  1896 | D:2      | Reached XP level 5. HP: 34/37 MP: 7/9
  2004 | D:2      | Learned a level 4 spell: Ice Form
  2089 | D:2      | Mangled by a gnoll

Illustrated notes

Levels and vault maps discovered:
D:1:      eino_arrival_cavern_c, layout_basic
D:2:      layout_basic, hellmonk_ecumenical_altar_pennies_from_heaven,
          minmay_goblin_outpost, uniq_terence, uniq_natasha, uniq_jessica

Skill      XL: |  1  2  3  4 |
---------------+-------------+-----
Transmutations | 3 4 |  4.1
Ice Magic      | 1 2 |  2.3
Unarmed Combat | 4 |  4.3
Fighting       | |  1.1
Dodging        | |  2.6
Spellcasting   | |  2.9

Action                   |  1- 3 |  4- 6 || total
-------------------------+-------+-------++-------
Melee: Unarmed           |    87 |    71 ||   158
       Headbutt          |     9 |    14 ||    23
       Punch             |     4 |     1 ||     5
 Cast: Beastly Appendage |    16 |    15 ||    31
  Use: Potion            |     1 |     1 ||     2
 Stab: Sleeping          |     1 |       ||     1
Armor: Robe              |     7 |    13 ||    20
       Skin              |       |     1 ||     1
Dodge: Dodged            |    52 |    28 ||    80

Table legend: (Time is in decaauts)
 A = Elapsed time spent in this place.
 B = Non-inter-level travel time spent in this place.
 C = Inter-level travel time spent in this place.
 D = Time resting spent in this place.
 E = Time spent auto-exploring this place.
 F = Levels seen in this place.
 G = Mean time per level.
                   A        B        C        D        E       F      G
               +--------+--------+--------+--------+--------+-----+--------+
         Total |   2085 |   2036 |     49 |    351 |   1283 |   2 | 1042.5 |
       Dungeon |   2085 |   2036 |     49 |    351 |   1283 |   2 | 1042.5 |
               +--------+--------+--------+--------+--------+-----+--------+

Top non-repeatable levels by time:
     D:1: 1575 daAuts
     D:2: 510 daAuts
